Selects Advanced Infantry Battlegroup
Selects Convert to Ranger Squad
Selects Frontline Medical Station
Frontline Medical Station
Selects Ranger Weapon Training
Selects Ammunition Storage
Selects M2A1 105mm Howitzer Emplacement
Selects 155mm Rapid Artillery Barrage
Construct Weapon Support Center
155mm Rapid Artillery Barrage
155mm Rapid Artillery Barrage
M3 Armored Personnel Carrier
155mm Rapid Artillery Barrage
M18 Hellcat Tank Destroyer